PewPew, chaotic male elven Wizard -------- -------- |......| |.......### --------- |......| --------------- |......| # |.......| |......-# #..............-# |......| ##.......>| -----.--# #|.............|# |......| |.......| ## # #---------------# |......| --|------ # # ## # |......| ### #### # # # ----.--- # --------.-- # # # ### ### |.........| # ## # # # # |<........| # --.---# # # ## |.........| # |....|# # # ## |.........| # |....|# ### # -.--+-- ----------- # |....|# # # |.....| ### |....|# ### ----.----- |.....| # |a)..|# # |........| |.....| #e@a....# ###|.(.......#######...)..| ------ #.........| |.....| ---------- ------- PewPew the Conjurer Experience level: 4 Strength: 11 Dexterity: 11 Constitution: 15 Intelligence: 20 Wisdom: 10 Charisma: 8 Health: 0(28) Energy: 43(43) AC: 9 Gold: 42 Moves: 631 Your Inventory: Coins $ - 42 gold pieces Weapons a - a blessed +1 quarterstaff (weapon in hands) Armor b - an uncursed +0 cloak of magic resistance (being worn) Comestibles o - an [uncursed] carrot p - an [uncursed] pancake s - 2 [uncursed] fortune cookies t - an [uncursed] food ration u - an [uncursed] coffee bean Scrolls i - 2 uncursed scrolls of identify j - 2 uncursed scrolls of confuse monster w - an [uncursed] scroll labeled SODALG [of earth] x - an [uncursed] scroll labeled TEMOV [of stinking cloud] Spellbooks k - a blessed spellbook of force bolt l - an uncursed spellbook of cure blindness q - an [uncursed] spellbook of fireball r - a [blessed] spellbook of cure sickness Potions f - an uncursed potion of healing g - an uncursed potion of oil h - an uncursed potion of booze v - an [uncursed] ochre potion [of monster detection] Rings d - an uncursed ring of warning e - an uncursed +1 ring of adornment Wands c - an uncursed wand of polymorph (0:6) Tools m - an uncursed magic marker (0:50) n - an uncursed bugle Spells known in the end: Name Level Category Fail Memory a - force bolt 1 attack 0% [||||||||] b - cure blindness 2 healing 39% [||||||||] c - fireball 4 attack 56% [||||||||] d - cure sickness 3 healing 71% [||||||||] Your skills at the end: Fighting Skills Weapon Skills quarterstaff [Basic] Spellcasting Skills attack spells [Basic] enchantment spells [Basic] Final Attributes: You were fervently aligned. Hunger level was 455. Your alignment was 12 / 13. Monster difficulty range was 0 - 4. Level difficulty was 4. You were immune to sleep. You were magic-protected. You saw invisible. You had infravision. Your luck was zero. You are dead. Vanquished creatures: 2 giant ants a kobold lord an iguana a gas spore a large kobold a gecko a goblin 2 newts 10 creatures vanquished. Voluntary challenges: You were an atheist. You used a wielded weapon 12 times. You read items or engraved 2 times. You put on armor 1 time. You never genocided any monsters. You never polymorphed an object. You never changed form. You used no wishes. You never wrote Elbereth's name. You never encountered a bones level. You never used any Sokoban shortcuts. Dungeon overview: The Dungeons of Doom: levels 1 to 5 Level 1 a long staircase Level 3 some fountains Level 4 <- You were here History has recorded: On T:1 you entered the Dungeons of Doom to retrieve the Amulet of Yendor! On T:68 you reached level 2 of The Dungeons of Doom. On T:90 you advanced to experience level 2. On T:189 you reached level 3 of The Dungeons of Doom. On T:191 you advanced to experience level 3. On T:349 you reached level 4 of The Dungeons of Doom. On T:512 you advanced to experience level 4. On T:523 you reached level 5 of The Dungeons of Doom. Latest messages: The giant ant bites! (2x) You kill the giant ant! Welcome to experience level 4. You feel awake! You hear someone counting money. You hit the giant ant. The giant ant bites! (2x) You miss the giant ant. The giant ant bites! You kill the giant ant! x - a scroll labeled TEMOV. You see here a large box. You hit the leprechaun. The leprechaun hits! Your purse feels lighter. You hear someone searching. You miss the floating eye. You are frozen by the floating eye's gaze! The giant ant bites! (13x) You die... Warning: Bad fruit #-2? (21x) Final status: Goodbye PewPew the Wizard... You died in The Dungeons of Doom on dungeon level 4 with 1348 points, and 42 pieces of gold, after 631 moves. You were level 4 with a maximum of 28 hit points when you died.